 Dungeon Crawl Stone Soup version 0.21.1-1-g345015f (webtiles) character file.

60 diana the Poker (level 4, -7/35 HPs)
             Began as a Merfolk Berserker on May 29, 2018.
             Was a Believer of Trog.
             Mangled by an ice beast (12 damage)
             ... on level 2 of the Dungeon.
             The game lasted 00:03:42 (2170 turns).

diana the Poker (Merfolk Berserker)                 Turns: 2170, Time: 00:03:42

Health: -7/35      AC:  3    Str: 18    XL:     4   Next: 6%
Magic:  4/4        EV: 13    Int:  4    God:    Trog [**....]
Gold:   80         SH:  0    Dex: 13    Spells: 3/3 levels left

rFire    . . .     SeeInvis .   a - +0 spear
rCold    . . .     Gourm    .   (no shield)
rNeg     . . .     Faith    .   h - +0 leather armour (curse)
rPois    .         Spirit   .   (no helmet)
rElec    .         Reflect  .   (no cloak)
rCorr    .         Harm     .   (no gloves)
MR       .....                  (no boots)
Stlth    +.........             (no amulet)
HPRegen  0.11/turn              o - -2 ring of intelligence (curse)
MPRegen  0.09/turn              (no ring)

@: no status effects
A: change form in water, swift swim, stealthy swim
a: Berserk, Trog's Hand, Burn Spellbooks, Renounce Religion


You were on level 2 of the Dungeon.
You worshipped Trog.
Trog was pleased with you.
You were hungry.

You visited 1 branch of the dungeon, and saw 3 of its levels.

You collected 80 gold pieces.

Inventory:

Hand Weapons
 a - a +0 spear (weapon)
Armour
 b - a +0 animal skin
 h - a cursed +0 leather armour (worn)
Jewellery
 o - a cursed -2 ring of intelligence (left hand)
Scrolls
 f - 3 scrolls of identify {unknown}
 g - 4 scrolls of fear {unknown}
 i - a scroll of teleportation {unknown}
Potions
 d - 2 potions of brilliance {unknown}
 e - a potion of invisibility {unknown}
 j - 2 potions of flight {unknown}
 k - a potion of mutation {unknown}
 l - a potion of might {unknown}
 m - a potion of berserk rage {unknown}
Books
 n - a book of the Dragon

   Spells                             Type                      Level
   a - Flame Tongue                   Conjuration/Fire             1
   b - Cause Fear                     Hexes                        4
   c - Bolt of Fire                   Conjuration/Fire             6
   d - Dragon Form                    Transmutation                7
   e - Dragon's Call                  Summoning                    9
   Trog disapproves of the use of such an item.
Comestibles
 c - 4 rations


   Skills:
 - Level 3.2 Fighting
 * Level 6.3 Polearms
 - Level 1.3 Armour
 + Level 3.8 Dodging


You had 3 spell levels left.
You didn't know any spells.

Dungeon Overview and Level Annotations

Branches:
Dungeon (3/15)

Altars:


Message History

A giant cockroach comes into view.
An ice beast comes into view.
Found a club.
You completely miss the ice beast. The giant cockroach barely misses you.
You hit the ice beast.
The ice beast is lightly wounded.
The ice beast hits you. The ice beast freezes you!
The giant cockroach completely misses you.
You see here 12 sling bullets.
You see here 26 bolts.
There is a stone staircase leading up, spattered with blood here.
The ice beast hits you. The ice beast freezes you!
* * * LOW HITPOINT WARNING * * *
The giant cockroach barely misses you.
You climb upwards.
There is a stone staircase leading down, spattered with blood here.
The ice beast hits you.
* * * LOW HITPOINT WARNING * * *
The ice beast freezes you!
You die...

.# #.##.###.### #...† .#
#..........# ##### .###
##.#.....#.# .†.# #.#.....#.#
##.# #.#.......######### #.#
#.#.##............# #.#
#)..####.#(######.# #.#
#...#..........##.# #.#
#####.[@#.##.#.###.##.# #.#
#.....)Y#.##+#'###.##.# ##.#
#.....)[#.......##.##.# ...#
#.......#.......##.##.#
##########......[#.......##.##.#
.............#.###.......##.##.#
###...####...#.# #...........#.#
#...# ###.#.# #.######.#..#.#
#(..# #.#.###.# #.#..#.#


You could see an ice beast.

Vanquished Creatures
  An adder (D:2)
  An ooze (D:3)
  A leopard gecko (D:1)
  5 orcs
  4 giant cockroaches
  A goblin (D:1)
  5 hobgoblins
  3 jackals (D:1)
  A quokka (D:2)
  4 bats
  6 frilled lizards
  A jackal skeleton (D:3)
  5 kobolds
  A rat (D:2)
39 creatures vanquished.

Notes
Turn   | Place    | Note
-------+----------+-------------------------------------------
     0 | D:1      | diana the Merfolk Berserker began the quest for the Orb.
     0 | D:1      | Reached XP level 1. HP: 18/18 MP: 1/1
   303 | D:1      | Reached XP level 2. HP: 23/24 MP: 2/2
   313 | D:1      | Reached skill level 5 in Polearms
  1193 | D:2      | Reached ** piety under Trog
  1196 | D:2      | Reached XP level 3. HP: 29/29 MP: 3/3
  1705 | D:2      | Reached skill level 6 in Polearms
  2116 | D:3      | Reached XP level 4. HP: 31/35 MP: 4/4
  2146 | D:3      | Noticed an ice beast
  2170 | D:2      | Mangled by an ice beast

Skill      XL: |  1  2  3 |
---------------+----------+-----
Dodging        | 3 |  3.8
Polearms       | 5 6 |  6.3
Fighting       | |  3.2
Armour         | |  1.3

Action                   |  1- 3 |  4- 6 || total
-------------------------+-------+-------++-------
Melee: Spear             |   149 |    10 ||   159
 Stab: Sleeping          |     1 |       ||     1
  Eat: Chunk             |     3 |       ||     3
Armor: Animal skin       |     3 |       ||     3
       Leather armour    |    30 |       ||    30
Dodge: Dodged            |    73 |     7 ||    80
